 Dungeon Crawl Stone Soup version 0.30-a0-457-g4b7bca3bfa (webtiles) character file.

Game seed: 12650785734460405396

157068 MackTheKnife the Severer (level 17, -10/149 (154) HPs)
             Began as an Armataur Wanderer on Dec 12, 2022.
             Was the Champion of Uskayaw.
             Mangled by a culicivora (23 damage)
             ... on level 2 of the Spider Nest.
             The game lasted 00:52:37 (29038 turns).

MackTheKnife the Severer (Armataur Wanderer)       Turns: 29038, Time: 00:52:38

HP:   -10/149 (154) AC: 40    Str: 25 (26) XL:     17   Next: 11%
MP:   1/24          EV:  9    Int: 14      God:    Uskayaw [******]
Gold: 2667          SH:  6    Dex: 10      Spells: 18/18 levels left

rFire   + + .      SeeInvis +    a - +7 broad axe (vamp) {axe}
rCold   . . .      Faith    .    S - +1 buckler {reflect}
rNeg    + . .      Spirit   .    M - +10 chain mail "Naoliux" {Str+4}
rPois   +          Reflect  +    j - +2 helmet {SInv}
rElec   +          Harm     .    u - +1 cloak
rCorr   +          Roll     +    A - +1 pair of gloves "Piot" {Will++}
Will    +++++                    o - +3 barding
Stlth   ..........               C - amulet of Wyum {Acrobat rF+ rCorr Dex-2 Slay+3}
HPRegen 0.44/turn                v - ring of Leido {rElec rF+ rN+ Will+ EV+4}
MPRegen 0.19/turn                s - ring "Hest" {rPois Will+}

@: about to teleport, lightly drained
A: large, rugged brown scales 3, deformed body, armoured tail, roll, long
tongue, awkward tongue
a: Renounce Religion, Stomp, Line Pass, Grand Finale


You were on level 2 of the Spider Nest.
You worshipped Uskayaw.
Uskayaw was aware of your devotion.
You visited 5 branches of the dungeon, and saw 25 of its levels.
You also visited: Volcano.

You collected 4836 gold pieces.
You spent 2169 gold pieces at shops.


Innate Abilities, Weirdness & Mutations

You are completely covered in rugged brown scales. (AC +3, +7% HP)
Armour fits poorly on your strangely shaped body.
You have a long armoured tail.
You roll when moving toward enemies. (Rampage)
Your long tongue fully drains potion bottles. (2x potion effects)
Your tongue gives you trouble enunciating. (1.5x scroll delay)


   Skills:
 - Level 11.2 Fighting
 - Level 18.7(19.1) Axes
 - Level 6.7(14.8) Maces & Flails
 - Level 14.0 Armour
 - Level 1.0 Dodging
 - Level 5.5 Shields
 - Level 1.0 Spellcasting
 - Level 2.4 Necromancy
 - Level 10.0 Invocations
 + Level 8.2 Evocations


You had 18 spell levels left.
You didn't know any spells.
Your spell library contained the following spells:

 Spells                   Type           Power      Damage    Failure   Level
 Necrotise                Necr           28%        1d5       45%         1
 Sublimation of Blood     Necr           7%         N/A       58%         2
 Kiss of Death            Conj/Necr      16%        2d6       63%         1
 Freeze                   Ice            0%         1d3       78%         1
 Magic Dart               Conj           0%         1d3       78%         1
 Vampiric Draining        Necr           7%         2d6       83%         3
 Call Imp                 Summ           0%         N/A       89%         2
 Ensorcelled Hibernation  Hex/Ice        0%         N/A       89%         2
 Passwall                 Tmut/Erth      0%         N/A       89%         2
 Scorch                   Fire           0%         2d5       89%         2
 Searing Ray              Conj           0%         2d4       89%         2
 Frozen Ramparts          Ice            0%         1d1       98%         3
 Gell's Gravitas          Tloc           0%         N/A       98%         3
 Hailstorm                Conj/Ice       0%         3d3       98%         3
 Lesser Beckoning         Tloc           0%         N/A       98%         3
 Mephitic Cloud           Conj/Pois/Air  0%         N/A       98%         3
 Portal Projectile        Hex/Tloc       0%         N/A       98%         3
 Swiftness                Air            0%         N/A       98%         3
 Teleport Other           Tloc           0%         N/A       98%         3
 Tukima's Dance           Hex            0%         N/A       98%         3
 Animate Dead             Necr           7%         N/A       99%         4
 Flame Wave               Conj/Fire      0%         2d4       100%        4
 Fulminant Prism          Conj/Hex       0%         3d5       100%        4
 Agony                    Necr           7%         N/A       100%        5
 Blade Hands              Tmut           0%         N/A       100%        5
 Borgnjor's Vile Clutch   Necr/Erth      2%         N/A       100%        5
 Death Channel            Necr           3%         N/A       100%        6
 Summon Cactus Giant      Summ           0%         N/A       100%        6

Inventory:

Hand Weapons
 a - a +7 vampiric broad axe (weapon) {axe}
   (You found it on level 7 of the Dungeon)
 x - a +1 executioner's axe of freezing {axerare=g}
   (You found it in a volcano)
Armour
 j - a +2 helmet of see invisible (worn)
   (You found it on level 5 of the Lair of Beasts)
 o - a +3 barding (worn)
   (You found it on level 15 of the Dungeon)
 u - a +1 cloak (worn)
   (You took it off Crazy Yiuf on level 4 of the Dungeon)
 A - the +1 pair of gloves "Piot" (worn) {Will++}
   (You found it on level 2 of the Orcish Mines)

   Will:      It greatly increases your willpower.
 G - a +1 cloak
   (You found it on level 1 of the Spider Nest)
 M - the +10 chain mail "Naoliux" (worn) {Str+4}
   (You found it on level 4 of the Dungeon)

   Str:       It affects your strength (+4).
 S - a +1 buckler of reflection (worn)
   (You took it off a tengu warrior on level 13 of the Dungeon)
Jewellery
 c - a ring of protection from cold
   (You took it off an orc knight on level 13 of the Dungeon)
 e - a ring of see invisible
   (You found it on level 5 of the Dungeon)
 q - a ring of resist corrosion
   (You found it on level 2 of the Dungeon)
 s - the ring "Hest" (right hand) {rPois Will+}
   (You bought it in a shop on level 2 of the Orcish Mines)

   [ring of poison resistance]

   rPois:     It protects you from poison.
   Will:      It increases your willpower.
 v - the ring of Leido (left hand) {rElec rF+ rN+ Will+ EV+4}
   (You bought it in a shop on level 4 of the Dungeon)

   [ring of evasion]

   EV:        It affects your evasion (+4).
   rF:        It protects you from fire.
   rElec:     It insulates you from electricity.
   rN:        It protects you from negative energy.
   Will:      It increases your willpower.
 C - the amulet of Wyum (around neck) {Acrobat rF+ rCorr Dex-2 Slay+3}
   (You bought it in a shop on level 4 of the Dungeon)

   [amulet of the acrobat]

   It increases your evasion while moving and waiting.
   Dex:       It affects your dexterity (-2).
   Slay:      It affects your accuracy & damage with ranged weapons and melee
   (+3).
   rF:        It protects you from fire.
   rCorr:     It protects you from acid and corrosion.
 F - the ring of Lucidity {rC+ rCorr Dex+5}
   (You found it on level 11 of the Dungeon)

   [ring of resist corrosion]

   Dex:       It affects your dexterity (+5).
   rC:        It protects you from cold.
   rCorr:     It protects you from acid and corrosion.
 H - a ring of flight
   (You found it on level 4 of the Dungeon)
Wands
 w - a wand of acid (4)
   (You found it on level 1 of the Spider Nest)
 y - a wand of mindburst (8)
   (You took it off a centaur on level 2 of the Lair of Beasts)
 J - a wand of flame (30)
   (You found it on level 4 of the Dungeon)
 Q - a wand of charming (10)
   (You found it on level 4 of the Dungeon)
 T - a wand of polymorph (9)
   (You took it off a kobold on level 4 of the Dungeon)
 U - a wand of roots (9)
   (You found it on level 5 of the Dungeon)
 V - a wand of digging (4)
   (You found it on level 5 of the Dungeon)
Scrolls
 f - 3 scrolls of enchant armour
 g - 13 scrolls of teleportation {@r4}
 h - 2 scrolls of poison {!r}
 D - 8 scrolls of identify {@r1}
 E - a scroll of blinking {!r}
 I - a scroll of silence {!r}
 K - a scroll of fog
Potions
 d - 5 potions of haste {@q3}
 i - a potion of cancellation
 k - 3 potions of invisibility
 l - a potion of berserk rage {!q}
 m - 6 potions of flight
 n - 2 potions of might
 p - 3 potions of magic
 r - 4 potions of mutation {!q}
 t - 7 potions of attraction {!q}
 z - 3 potions of ambrosia
 B - 2 potions of brilliance
 L - 13 potions of curing {@q1}
 R - a potion of resistance
 W - 6 potions of heal wounds {@q2}
 X - 3 potions of lignification {!q}
Miscellaneous
 b - a piece from Xom's chessboard (15/15) (quivered)
 N - a condenser vane (inert)
   (You found it on level 12 of the Dungeon)
 Y - a phantom mirror
   (You found it on level 13 of the Dungeon)

Dungeon Overview and Level Annotations

Branches:
Dungeon (15/15) Zot: 26028  Temple (0/1) D:6            Lair (5/5) D:8 Zot: 23807
 Shoals (0/4) Lair:2       Spider (2/4) Lair:2 Zot: 10759   Slime (0/5) Lair:5
    Orc (2/2) D:9 Zot: 9157     Elf (0/3) Orc:2        Vaults (0/5) D:14
 Depths (1/4) D:15 Zot: 5817 Volcano (visited)

Altars:
Ashenzari
Dithmenos
Fedhas
Gozag
Hepliaklqana
Kikubaaqudgha
Makhleb
Okawaru
Qazlal
Trog
Uskayaw
Wu Jian
Yredelemnul
The Shining One
Jiyva

Shops:
D:1 [(=   D:3 [   D:4 =   D:15 (   Orc:2 ![(=

Portals:
Hell: Depths:1

Annotations:
D:10 1 runed translucent door, Athor's ghost, journeyman FoFi
Lair:5 1 runed translucent door
Spider:2 Frances
Depths:1 Sojobo

#.. . .# #. .. ##^ ...#.
##.#....#...##. .. #...
#..^. .......~†#####.
.3.##.#..##..######......
#.@#.#.#....#^.....>....
#4†..#.####........#####
###°†#s..#...#####..†...
#..††Hs/.##.....#...#^##
#.#††.#@.......####...#.
#....######...##....#.....
#.##. #...#####..#.#.#.. .
....... #..#...#.. ..
#...#..# ≈...#..##.. ..
#...##..~#≈#.#...#.# ##.
....# .##.##.#..#... ####
##.. ..#..#..# ..# #.####
..


You could see Frances (pain bonded), a jorogumo, a demonic crawler (catching
breath, pain bonded), a culicivora (berserk, pain bonded), a neqoxec (summoned)
and a chaos spawn (summoned).


Message History

The moth of wrath is engulfed in blazing flames.
You kill the moth of wrath!
The culicivora bites you but does no damage. 😮 HP[-27]
You take 27 damage, and now have 83/154 hp.
Unknown command.
The web tears apart.
The culicivora bites you but does no damage.
The jorogumo casts a spell at you. The bolt of negative energy hits you!
You partially resist.
You feel drained.
The culicivora bites you but does no damage.
The demonic crawler shrieks in warning!
You hear a faint skittering sound. 😮 HP[-7] MP[+1]
You now have 151 max hp (-3).
You take 7 damage, and now have 76/151 hp.
You completely miss the culicivora.
You tail-slap the culicivora, but do no damage.
You hit the jorogumo.
You feel better. The culicivora barely misses you.
The jorogumo hits you but does no damage.
The culicivora bites you but does no damage. 😮 HP[+7]
You regained 7 hp, and now have 83/151 hp.
Unknown command.
You barely miss the culicivora. You tail-slap the culicivora!
You closely miss the jorogumo. The culicivora bites you!!
* * * LOW HITPOINT WARNING * * *
The culicivora draws strength from your injuries!
The jorogumo closely misses you.
Frances, Duchess of Pandemonium comes into view.
She is wielding a +1 scimitar of electrocution.
The culicivora closely misses you. 😨 HP[-18]
You take 18 damage, and now have 65/151 hp.
Unknown command.
You slice the culicivora!!
You feel better.
You slash the demonic crawler! You hit the jorogumo.
You feel better. The culicivora barely misses you.
The jorogumo casts a spell at you. The bolt of negative energy hits you.
You partially resist.
You feel drained.
* * * LOW HITPOINT WARNING * * *
The demonic crawler hits you!
* * * LOW HITPOINT WARNING * * *
The demonic crawler hits you but does no damage.
The demonic crawler barely misses you. 😨 HP[-6]
You now have 149 max hp (-2).
You take 6 damage, and now have 59/149 hp.
Aiming: Line Pass
Press: ? - help, Dir - move target The demonic crawler appears confused.
The culicivora rages.
The demonic crawler hits you but does no damage. x3 😨 HP[+1] MP[-4]
You lost 4 mp, and now have 0/24 mp.
Unknown command.
Unknown command.
You slash the demonic crawler! You slash the culicivora!
You feel better.
The culicivora bites you but does no damage.
The culicivora misses you.
The jumping spider leaps!
The demonic crawler hits the jorogumo.
The demonic crawler hits the jorogumo but does no damage.
The demonic crawler completely misses the jorogumo. 😨 HP[+6]
You regained 6 hp, and now have 66/149 hp.
Unknown command.
You hit the demonic crawler. You miss the culicivora.
The culicivora bites you!!
* * * LOW HITPOINT WARNING * * *
The culicivora draws strength from your injuries!
The jumping spider leaps!
The demonic crawler hits the jorogumo but does no damage.
The demonic crawler misses the jorogumo. x2
The demonic crawler hits itself.
The demonic crawler hits itself but does no damage.
The demonic crawler hits itself.
The culicivora bites you!
* * * LOW HITPOINT WARNING * * *
The culicivora draws strength from your injuries!
Unknown command. 😱 HP[-33] MP[+1]
You take 33 damage, and now have 33/149 hp.
MASSIVE DAMAGE!! (PAUSE)
You closely miss the culicivora.
You hit the demonic crawler but do no damage.
The culicivora bites you but does no damage. 😱 HP[+1] Unknown command.
The demonic crawler seems less confused.
The culicivora barely misses you. The culicivora closely misses you.
Uskayaw links your audience in an emotional bond!
Unknown command.
As you slowly read the scroll of teleportation {@r4}, it crumbles to dust.
You feel strangely unstable. The culicivora bites you!!
* * * LOW HITPOINT WARNING * * *
The culicivora draws strength from your injuries!
The culicivora closely misses you.
Frances screams a word of power!
The demonic crawler shrieks in warning!
The culicivora bites you!!
You die...

Skill      XL: |  1  2  3  4  5  6  7  8  9 10 11 12 13 14 15 16 17 |
---------------+----------------------------------------------------+-----
Axes           | 2 4 5 9 12 14 16 18 | 18.7
Fighting       | 2 4 5 7 10 11 | 11.2
Maces & Flails | 1 3 5 6 |  6.7
Armour         | 2 4 6 8 9 13 14 | 14.0
Invocations    | 8 10 | 10.0
Shields        | 5 |  5.5
Evocations     | 7 8 |  8.2
Dodging        | |  1.0
Spellcasting   | |  1.0
Necromancy     | |  2.4

Action                   |  1- 3 |  4- 6 |  7- 9 | 10-12 | 13-15 | 16-18 || total
-------------------------+-------+-------+-------+-------+-------+-------++-------
Melee: Hand axe          |   121 |   131 |       |       |       |       ||   252
       Tailslap          |    10 |    14 |    28 |   124 |   244 |    95 ||   515
       Punch             |     1 |     1 |     3 |    11 |     8 |       ||    24
       Mace              |       |    37 |   206 |    68 |       |       ||   311
       Broad axe         |       |       |       |   640 |  1198 |   432 ||  2270
Invok: Stomp             |       |     3 |     2 |     9 |     1 |       ||    15
       Line Pass         |       |       |     1 |     4 |     5 |     3 ||    13
       Grand Finale      |       |       |       |       |     1 |     1 ||     2
Evoke: Wand              |       |       |       |     9 |    20 |     2 ||    31
       Piece from Xom's  |       |       |       |       |     1 |       ||     1
       Condenser vane    |       |       |       |       |     1 |     2 ||     3
  Use: Scroll            |     1 |     5 |    11 |    11 |    15 |     6 ||    49
       Potion            |     1 |     4 |       |     4 |       |     1 ||    10
 Stab: Invisible         |     3 |     1 |       |       |       |       ||     4
       Paralysed         |       |     1 |    12 |    93 |   134 |    82 ||   322
       Confused          |       |       |       |     1 |     2 |     3 ||     6
       Distracted        |       |       |       |       |     1 |       ||     1
Armor: Leather armour    |    20 |       |       |       |       |       ||    20
       Scale mail        |    15 |    85 |       |       |       |       ||   100
       Chain mail        |       |    44 |   167 |   714 |   615 |   294 ||  1834
Dodge: Dodged            |    59 |    41 |    57 |   379 |   523 |   187 ||  1246
Block: Buckler           |       |       |       |       |   189 |    95 ||   284
       Reflection        |       |       |       |       |     1 |     5 ||     6

Levels and vault maps discovered:
D:1:      beargit_arrival_diablo_church, layout_basic, basic_ecumenical_altar,
          serial_shops, nicolae_square_shop, shop, shop
D:2:      layout_rooms, minmay_small_reverse_x
D:3:      layout_loops_ring, dancing_weapons_uskayaw, serial_shops, shop,
          roderic_cross_of_infinity, kennysheep_cluttered_room, uniq_sigmund
D:4:      layout_cave_pools, gammafunk_temple_overflow_statue,
          grunt_dithmenos_smoke, serial_shops,
          nicolae_shop_competitors_out_of_business, grunt_ministairs_9,
          wad_floor_pattern_2, uniq_eustachio, uniq_crazy_yiuf_cottage
D:5:      layout_loops_cross, grunt_temple_overflow_bloody_war,
          nicolae_overflow_hidden_temple, uniq_blork_the_orc
D:6:      layout_basic, temple_hall_moat
D:7:      wad_river_or_something, layout_gridville,
          chequers_temple_overflow_statue_of_worship, uniq_menkaure, uniq_pikel
D:8:      layout_loops_cross, erik_lair_island
D:9:      layout_cave_pods, nicolae_hepliaklqana_ecumenical_no_more, orc_0_dummy
D:10:     layout_cave_pods, nicolae_yredelemnul_corpse_copse,
          ebering_ghost_inner_flame
D:11:     minmay_the_grid_3x3 [minmay_the_grid_fan,
          minmay_the_grid_aliased_spiral, minmay_the_grid_all_tris,
          minmay_the_grid_diamond_grid, minmay_the_grid_mess,
          minmay_the_grid_odd_star, minmay_the_grid_minigrid_medium,
          minmay_the_grid_minigrid_small_alt,
          minmay_the_grid_prize_four_corners], layout_gridville,
          minmay_checkerbox
D:12:     layout_irregular_city, kennysheep_potato, uniq_psyche
D:13:     lemuel_traditional_vault, layout_loops_ring
D:14:     layout_stronghold, grunt_vaults_entry_fortified,
          minmay_misc_feat_columns
D:15:     gammafunk_enter_depths_forms, layout_basic, dk_noncrumbling_2,
          serial_shops, nicolae_shop_stone, uniq_louise
Lair:1:   layout_gridlike, worms_lemuel, uniq_grum, uniq_gastronok
Lair:2:   layout_layer_cave, minmay_shoals_entry_centaurs,
          nicolae_spider_entry_tight_spaces, enter_volcano_4
Lair:3:   layout_regular_city, grunt_megastairs_1
Lair:4:   layout_gridlike, lemuel_fruit_tree, grunt_megastairs_5
Lair:5:   hangedman_lair_caniforms_friends, layout_hall_layers, slime_entry_2,
          cheibrodos_lair_lostbears, infiniplex_staircase_pool_2,
          uniq_josephine, uniq_kirke
Spider:1: layout_spider_delve, hangedman_spider_tarantella_strand, uniq_nikola,
          uniq_asterion, uniq_aizul, uniq_jorgrun
Spider:2: layout_spider_delve, ebering_ghost_disaster_area, drop_trap,
          nicolae_spider_paper_wasps, uniq_donald, uniq_frances
Orc:1:    layout_diamond_mine
Orc:2:    grunt_orc_community_town_hall, layout_caves,
          grunt_orc_community_big_house_2, grunt_orc_community_big_house_2,
          grunt_orc_community_house_2, grunt_orc_community_house_1,
          grunt_orc_community_house_1, grunt_orc_community_house_2,
          biasface_ghost_orc_armoury
Depths:1: layout_cave_pools, enter_ziggurat_c, hell_entry,
          rand_demon_pan_entry_8, kennysheep_generic_room_16, firewood_loft,
          uniq_sojobo

Notes
Turn   | Place    | Note
-------+----------+-------------------------------------------
     0 | D:1      | MackTheKnife the Armataur Wanderer began the quest for the
                  | Orb.
     0 | D:1      | MackTheKnife set off with the following items: a +0 hand
                  | axe {axe}, a piece from Xom's chessboard (15/15), a scroll
                  | of fear, a +0 leather armour; and the following spells
                  | available to memorise: Necrotise, Sublimation of Blood,
                  | Kiss of Death.
     0 | D:1      | Reached XP level 1. HP: 17/17 MP: 2/2
     0 | D:1      | magus.rc [v1.9.6]
    90 | D:1      | You pick up a book of Displacement and begin reading...
    90 | D:1      | You add the spells Lesser Beckoning, Gell's Gravitas and
                  | Teleport Other to your library.
   165 | D:1      | Found Kehuci Vicu's Antique Weapon Boutique.
   181 | D:1      | Reached XP level 2. HP: 14/24 MP: 3/3
   401 | D:1      | Found Ysapreaz's Antique Armour Shoppe.
   554 | D:1      | Found a faded altar of an unknown god.
   612 | D:1      | Found Faypno's Jewellery Emporium.
   743 | D:1      | Reached skill level 2 in Axes
  1019 | D:2      | Reached XP level 3. HP: 12/31 MP: 4/4
  1104 | D:2      | You pick up a book of Unlife and begin reading...
  1104 | D:2      | You add the spells Animate Dead, Borgnjor's Vile Clutch and
                  | Death Channel to your library.
  1797 | D:3      | Found Sigaxied's Antique Armour Shoppe.
  1844 | D:3      | Noticed a +0 dagger
  1844 | D:3      | Noticed a +0 dagger
  1844 | D:3      | Noticed Sigmund
  1871 | D:3      | Killed Sigmund
  1872 | D:3      | Reached skill level 4 in Axes
  1872 | D:3      | Reached XP level 4. HP: 29/38 MP: 5/5
  1872 | D:3      | Reached XP level 5. HP: 33/43 MP: 6/6
  1878 | D:3      | Found a hide-covered altar of Uskayaw.
  1920 | D:3      | Became a worshipper of Uskayaw the Reveller
  2017 | D:3      | Reached * piety under Uskayaw
  2591 | D:4      | Found Qalun's Jewellery Boutique.
  2629 | D:4      | Reached ** piety under Uskayaw
  2837 | D:4      | You pick up a book of Burglary and begin reading...
  2837 | D:4      | You add the spells Passwall, Ensorcelled Hibernation and
                  | Swiftness to your library.
  2928 | D:4      | Found a runed translucent door.
  2929 | D:4      | Noticed Crazy Yiuf
  2995 | D:4      | Killed Crazy Yiuf
  2996 | D:4      | Reached skill level 5 in Axes
  2996 | D:4      | Reached XP level 6. HP: 29/50 MP: 7/7
  3000 | D:4      | Identified the +10 hammer "Edyiston" {vorpal, *Corrode rF+
                  | Will++ Stlth+}
  3132 | D:4      | Noticed Eustachio
  3135 | D:4      | Reached *** piety under Uskayaw
  3138 | D:4      | Reached skill level 2 in Fighting
  3138 | D:4      | Reached **** piety under Uskayaw
  3146 | D:4      | Reached skill level 1 in Maces & Flails
  3150 | D:4      | Reached ***** piety under Uskayaw
  3323 | D:4      | Found a shadowy altar of Dithmenos.
  3391 | D:4      | Identified the +10 chain mail "Naoliux" {Str+4}
  3449 | D:4      | Killed Eustachio
  3450 | D:4      | Reached skill level 2 in Armour
  3450 | D:4      | Reached XP level 7. HP: 33/59 MP: 1/8
  3452 | D:4      | Reached skill level 2 in Maces & Flails
  3571 | D:4      | Found an ancient bone altar of Kikubaaqudgha.
  3611 | D:4      | Found a glowing golden altar of the Shining One.
  3763 | D:5      | Entered Level 5 of the Dungeon
  3771 | D:5      | Reached skill level 3 in Fighting
  3840 | D:5      | Reached skill level 3 in Armour
  3955 | D:5      | Reached skill level 3 in Maces & Flails
  4036 | D:5      | Reached skill level 4 in Armour
  4414 | D:5      | Reached skill level 4 in Fighting
  4414 | D:5      | Reached XP level 8. HP: 70/70 MP: 9/9
  4566 | D:5      | Noticed Blork the orc
  4570 | D:5      | Killed Blork the orc
  4642 | D:5      | Found a broken altar of Ashenzari.
  4646 | D:5      | Found a burning altar of Makhleb.
  4690 | D:5      | Found a bloodstained altar of Trog.
  4690 | D:5      | Found an iron altar of Okawaru.
  4792 | D:6      | Reached skill level 4 in Maces & Flails
  4910 | D:6      | Reached skill level 5 in Armour
  5074 | D:6      | Found a staircase to the Ecumenical Temple.
  5198 | D:6      | Reached skill level 5 in Fighting
  5201 | D:6      | Reached skill level 6 in Armour
  5551 | D:6      | You pick up a book of Weapons and begin reading...
  5551 | D:6      | You add the spells Tukima's Dance, Portal Projectile and
                  | Blade Hands to your library.
  5605 | D:6      | Reached skill level 5 in Maces & Flails
  5691 | D:7      | You pick up a book of Necromancy and begin reading...
  5691 | D:7      | You add the spells Vampiric Draining and Agony to your
                  | library.
  5721 | D:7      | Noticed Menkaure
  5730 | D:7      | Killed Menkaure
  5731 | D:7      | Reached XP level 9. HP: 79/79 MP: 10/10
  5865 | D:7      | Found a stormy altar of Qazlal.
  5891 | D:7      | Reached skill level 7 in Armour
  5932 | D:7      | Reached skill level 6 in Fighting
  6022 | D:7      | Reached skill level 6 in Maces & Flails
  6158 | D:7      | Noticed Pikel
  6167 | D:7      | Killed Pikel
  6168 | D:7      | Reached skill level 8 in Armour
  6238 | D:7      | Paralysed by a hornet for 3 turns
  6244 | D:7      | Reached skill level 7 in Fighting
  6666 | D:7      | Found a blossoming altar of Fedhas.
  6666 | D:7      | Found an opulent altar of Gozag.
  6667 | D:7      | Found an ornate altar of the Wu Jian Council.
  6920 | D:8      | Reached XP level 10. HP: 89/92 MP: 11/11
  7732 | D:8      | Reached skill level 6 in Axes
  7920 | D:8      | Found a staircase to the Lair.
  8306 | D:9      | Found a staircase to the Orcish Mines.
  8334 | D:9      | Reached skill level 7 in Axes
  8547 | D:9      | Reached skill level 8 in Axes
  8735 | D:9      | HP: 22/92 [poisoned by a gnoll]
  9038 | D:9      | Reached ****** piety under Uskayaw
  9371 | D:9      | Found a faded altar of an unknown god.
  9371 | D:9      | Found a faded altar of an unknown god.
  9373 | D:9      | Found a hazy altar of Hepliaklqana.
  9490 | D:10     | Entered Level 10 of the Dungeon
  9519 | D:10     | Reached skill level 9 in Axes
  9534 | D:10     | HP: 23/92 [acid dragon (5)]
  9535 | D:10     | HP: 10/92 [wraith (4)]
  9541 | D:10     | Reached XP level 11. HP: 58/98 MP: 5/12
 10120 | D:10     | Reached skill level 10 in Axes
 10142 | D:10     | Found a basalt altar of Yredelemnul.
 10636 | D:10     | Found a runed translucent door.
 10638 | D:10     | Noticed Athor's ghost (journeyman FoFi)
 10752 | D:10     | Noticed a two-headed ogre
 10761 | D:10     | Killed a two-headed ogre
 10973 | Orc:1    | Entered Level 1 of the Orcish Mines
 10986 | Orc:1    | Reached skill level 11 in Axes
 11128 | Orc:1    | HP: 16/98 [ogre/+0 giant club[an orc knight] (18)]
 11128 | Orc:1    | HP: 6/98 [orc priest/divine providence (10)]
 11496 | D:4      | Bought the ring of Leido {rElec rF+ rN+ Will+ EV+4} for 668
                  | gold pieces
 11989 | D:11     | Noticed a tengu warrior
 12053 | Lair:1   | Entered Level 1 of the Lair of Beasts
 12467 | Lair:1   | Noticed Gastronok
 12467 | Lair:1   | Gastronok the Ponderous comes into view. He is wearing the
                  | +3 hat of Pondering {ponderous, Will+ MP+10 Int+5}.
 12484 | Lair:1   | Killed Gastronok
 12485 | Lair:1   | Reached skill level 12 in Axes
 12683 | Lair:1   | Noticed Grum
 12702 | Lair:1   | Killed Grum
 13230 | Lair:2   | Reached XP level 12. HP: 107/107 MP: 13/13
 13279 | Lair:2   | Found a dark tunnel.
 13284 | Volcano  | Entered a volcano
 13555 | Volcano  | Found a radiant altar of Vehumet.
 13565 | Volcano  | Reached skill level 13 in Axes
 13854 | Volcano  | x - a +1 executioner's axe of flaming {axerare=g}
 14074 | Lair:2   | Found a hole to the Spider Nest.
 14399 | Lair:2   | Reached skill level 14 in Axes
 14642 | Lair:2   | Noticed a boulder beetle
 14655 | Lair:2   | Killed a boulder beetle
 14656 | Lair:2   | Reached skill level 9 in Armour
 14731 | Lair:2   | Found a staircase to the Shoals.
 15014 | Lair:2   | your +1 executioner's axe of flaming {axerare=g} is covered
                  | with a thin layer of ice!
 15014 | Lair:2   | x - a +1 executioner's axe of freezing {axerare=g}
 15174 | Lair:2   | You pick up a book of Scorching and begin reading...
 15174 | Lair:2   | You add the spells Scorch, Flame Wave and Summon Cactus
                  | Giant to your library.
 15559 | Lair:3   | Reached XP level 13. HP: 114/114 MP: 14/14
 15564 | Lair:3   | You fall into a shaft and drop 1 floor!
 15648 | Lair:4   | Reached skill level 8 in Fighting
 15728 | Lair:3   | Reached skill level 10 in Armour
 15784 | Lair:3   | Identified the +2 leather armour of Riki {Dex+3 Stlth+}
 16137 | Lair:3   | You pick up a book of Conjurations {@e2} and begin
                  | reading...
 16137 | Lair:3   | You add the spells Magic Dart, Searing Ray and Fulminant
                  | Prism to your library.
 16276 | Lair:3   | Identified a scroll of acquirement
 16277 | Lair:3   | Acquired 940 gold pieces
 16763 | D:4      | Bought the amulet of Wyum {Acrobat rF+ rCorr Dex-2 Slay+3}
                  | for 580 gold pieces
 17102 | Lair:4   | Reached skill level 11 in Armour
 17232 | Lair:4   | Reached skill level 9 in Fighting
 17715 | Lair:5   | Entered Level 5 of the Lair of Beasts
 17715 | Lair:5   | Noticed Kirke
 17819 | Lair:5   | Reached skill level 12 in Armour
 17910 | Lair:5   | Killed Kirke
 17911 | Lair:5   | Reached skill level 10 in Fighting
 18274 | Lair:5   | Reached skill level 13 in Armour
 18306 | Lair:5   | Reached XP level 14. HP: 130/130 MP: 10/15
 18476 | Lair:5   | Reached skill level 11 in Fighting
 18588 | Lair:5   | Found a runed translucent door.
 18592 | Lair:5   | Found a viscous altar of Jiyva.
 18592 | Lair:5   | Found a staircase to the Slime Pits.
 18850 | Lair:5   | Noticed Josephine
 18858 | Lair:5   | Killed Josephine
 19148 | Orc:1    | Reached skill level 14 in Armour
 19246 | Orc:1    | Reached skill level 1 in Invocations
 19436 | Orc:2    | Entered Level 2 of the Orcish Mines
 19436 | Orc:2    | Found a staircase to the Elven Halls.
 19490 | Orc:2    | Reached skill level 2 in Invocations
 19570 | Orc:1    | Reached skill level 3 in Invocations
 19839 | Orc:2    | Noticed an orc warlord
 19865 | Orc:2    | Killed an orc warlord
 19866 | Orc:2    | Reached skill level 4 in Invocations
 19898 | Orc:2    | Found Evuholil's Antique Weapon Emporium.
 19907 | Orc:2    | Found Usuuzal's Antique Armour Shoppe.
 19924 | Orc:2    | Bought a shiny buckler for 202 gold pieces
 20134 | Orc:2    | Reached skill level 1 in Shields
 20153 | Orc:2    | Found Unyucey's Jewellery Emporium.
 20281 | Orc:2    | Reached skill level 2 in Shields
 20289 | Orc:2    | Found Xicwilax's Distillery.
 20295 | Orc:2    | Bought a potion of mutation for 120 gold pieces
 20295 | Orc:2    | Bought a potion of curing for 45 gold pieces
 20413 | Orc:2    | Bought the ring "Hest" {rPois Will+} for 554 gold pieces
 20581 | Orc:2    | Found a runed translucent gate.
 20581 | Orc:2    | Noticed funkygono's ghost (journeyman DsFE)
 20582 | Orc:2    | Found a runed translucent gate.
 20583 | Orc:2    | Found a runed translucent gate.
 20961 | Orc:2    | Reached skill level 3 in Shields
 21021 | Orc:2    | HP: 20/132 [orc knight/+0 great mace (20)]
 21326 | Orc:2    | Killed funkygono's ghost
 21327 | Orc:2    | Reached skill level 4 in Shields
 21462 | Orc:2    | Identified the +1 pair of gloves "Piot" {Will++}
 21620 | Orc:1    | Reached skill level 5 in Shields
 21886 | D:11     | Reached skill level 5 in Invocations
 21944 | D:11     | Reached skill level 6 in Invocations
 21997 | D:11     | You pick up a book of Frost and begin reading...
 21997 | D:11     | You add the spells Freeze, Frozen Ramparts and Hailstorm to
                  | your library.
 22039 | D:11     | Reached skill level 7 in Invocations
 22327 | D:11     | Reached skill level 8 in Invocations
 22474 | D:11     | Reached XP level 15. HP: 139/139 MP: 21/21
 22560 | D:11     | Reached skill level 9 in Invocations
 22614 | D:11     | Identified the +1 chain mail "Unial Ink" {Will+ Regen+
                  | Str-4}
 22670 | D:11     | Identified the ring of Lucidity {rC+ rCorr Dex+5}
 23149 | D:12     | Acquired 622 gold pieces
 23151 | D:12     | Acquired 391 gold pieces
 23318 | D:12     | Reached skill level 10 in Invocations
 23406 | D:12     | Noticed Psyche
 23412 | D:12     | Killed Psyche
 24474 | D:13     | Reached skill level 15 in Axes
 24544 | D:13     | Noticed a sphinx
 24549 | D:13     | Killed a sphinx
 24583 | D:13     | Noticed a sphinx
 24600 | D:13     | Killed a sphinx
 24624 | D:13     | Noticed a frost giant
 24634 | D:13     | HP: 34/139 [poisoned by a +8 trident of venom]
 24639 | D:13     | HP: 28/139 [poisoned by a +8 trident of venom]
 24667 | D:13     | HP: 32/139 [frost giant/bolt of cold (6)]
 24961 | D:13     | Reached skill level 16 in Axes
 25123 | D:13     | Killed a frost giant
 25146 | D:13     | You pick up a book of Minor Magic and begin reading...
 25146 | D:13     | You add the spells Call Imp and Mephitic Cloud to your
                  | library.
 25563 | D:14     | Found a gate to the Vaults.
 26360 | D:15     | Entered Level 15 of the Dungeon
 26371 | D:15     | Reached XP level 16. HP: 141/146 MP: 23/23
 26411 | D:15     | Reached skill level 17 in Axes
 26464 | D:15     | Found Iguatyro's Weapon Shoppe.
 26837 | D:15     | Noticed Louise
 26862 | D:15     | Killed Louise
 27069 | D:15     | Found a staircase to the Depths.
 27152 | Depths:1 | Entered Level 1 of the Depths
 27241 | Depths:1 | Reached skill level 18 in Axes
 27253 | Depths:1 | Noticed a lich
 27257 | Depths:1 | Killed a lich
 27322 | Depths:1 | Found a gateway to Hell.
 27336 | Depths:1 | Noticed a tengu reaver
 27336 | Depths:1 | Noticed Sojobo
 27643 | Spider:1 | Entered Level 1 of the Spider Nest
 27646 | Spider:1 | Noticed Nikola
 27663 | Spider:1 | Killed Nikola
 27811 | Spider:1 | Noticed Asterion
 27814 | Spider:1 | Noticed an Executioner
 27828 | Spider:1 | Killed Asterion
 27932 | Spider:1 | Noticed Aizul
 27958 | Spider:1 | Killed Aizul
 28076 | Spider:1 | Reached skill level 4 in Evocations
 28156 | Spider:1 | Noticed Jorgrun
 28167 | Spider:1 | Killed Jorgrun
 28168 | Spider:1 | Reached skill level 5 in Evocations
 28484 | Spider:1 | Reached skill level 6 in Evocations
 28891 | Spider:1 | magus.rc [v1.9.6]
 28993 | Spider:2 | Reached skill level 7 in Evocations
 28994 | Spider:2 | Reached XP level 17. HP: 110/154 MP: 24/24
 29014 | Spider:2 | Reached skill level 8 in Evocations
 29031 | Spider:2 | Noticed Frances
 29035 | Spider:2 | HP: 33/149 [culicivora (12)]
 29038 | Spider:2 | HP: 13/149 [culicivora (22)]
 29038 | Spider:2 | Mangled by a culicivora

Vanquished Creatures
  Nikola (Spider:1)
  Jorgrun (Spider:1)
  A lich (Depths:1)
  Asterion (Spider:1)
  Gastronok (Lair:1)
  2 sphinxes (D:13)
  Kirke (Lair:5)
  A frost giant (D:13)
  Aizul (Spider:1)
  3 ghost moths
  Louise (D:15)
  An orc warlord (Orc:2)
  5 very ugly things
  The ghost of funkygono the Thaumaturge, a journeyman DsFE of Vehumet (Orc:2)
  A stone giant (Depths:1)
  A spark wasp (Spider:1)
  An ettin (Depths:1)
  Josephine (Lair:5)
  A yaktaur captain (D:13)
  An entropy weaver (Spider:1)
  A great orb of eyes (D:15)
  An ogre mage (D:11)
  5 vault guards (D:14)
  6 boulder beetles
  2 ice dragons (Depths:1)
  5 hydras
  3 catoblepae
  2 death knights
  13 centaur warriors
  2 jorogumos
  8 two-headed ogres
  A dancing weapon (D:13)
  A deep troll earth mage (D:13)
  2 orc high priests
  5 tengu warriors
  2 fire crabs
  3 flayed ghosts
  3 steelbarb worms
  2 pharaoh ants
  2 wizards
  5 orb spiders
  Pikel (D:7)
  A lindwurm (Volcano)
  A lindwurm (shapeshifter) (D:11)
  3 deep elf pyromancers
  9 orc knights
  2 orc sorcerers
  15 ugly things
  A faun (shapeshifter) (D:15)
  6 wolf spiders
  10 cyclopes
  3 manticores
  2 moths of wrath
  7 centaur zombies (D:10)
  2 black mambas
  An unseen horror (D:10)
  A molten gargoyle (Volcano)
  3 torpor snails (Spider:2)
  5 kobold demonologists
  An unseen horror zombie (D:10)
  6 cane toads
  4 gargoyles
  4 rime drakes
  17 komodo dragons
  3 efreet
  A yaktaur (D:14)
  Psyche (D:12)
  2 freezing wraiths (D:11)
  3 demonic crawlers
  4 tengu conjurers
  12 polar bears (Lair:5)
  9 trolls
  A hornet (D:7)
  18 tarantellas
  4 raiju (Lair:5)
  11 slime creatures
  10 blink frogs
  12 jumping spiders
  2 shadows
  Sigmund (D:3)
  10 culicivoras
  2 vampires (D:13)
  A water elemental (D:13)
  12 wraiths
  3 wyverns
  3 steam dragons
  6 fire bats (Volcano)
  Eustachio (D:4)
  43 yaks
  A hog (shapeshifter) (D:13)
  5 basilisks
  Grum (Lair:1)
  19 redbacks
  5 vampire mosquitoes (D:11)
  15 wargs
  Menkaure (D:7)
  A swamp worm (Lair:1)
  5 acid dragons
  12 water moccasins
  14 hell hounds
  33 orc warriors
  2 ice beasts
  2 sky beasts
  12 black bears
  7 ogres
  50 wolves
  22 centaurs
  4 kobold brigands
  3 necrophages
  Blork the orc (D:5)
  11 bullfrogs
  3 gnoll sergeants
  5 scorpions
  8 wights (D:9)
  18 killer bees
  7 howler monkeys
  4 electric eels
  8 lava snakes (Volcano)
  Crazy Yiuf (D:4)
  7 hounds
  24 orc priests
  4 gnoll boudas
  5 iguanas
  26 orc wizards
  2 howler monkey zombies (D:10)
  34 gnolls
  An adder (D:4)
  3 shadow imps
  A white imp (D:7)
  2 worms
  6 dart slugs
  87 orcs
  4 ball pythons
  11 endoplasms
  2 giant cockroaches
  5 goblins
  11 hobgoblins
  2 jackals (D:4)
  4 quokkas
  4 bats
  4 frilled lizards
  21 kobolds
  5 rats
936 creatures vanquished.

Vanquished Creatures (others)
  An ogre mage (D:11)
  An orc knight (Orc:2)
  2 humans (Lair:5)
  A killer bee (D:6)
  An orc (D:8)
  A goblin (D:3)
  24 fungi
  75 plants
106 creatures vanquished.

Grand Total: 1042 creatures vanquished

Table legend:
 A = Non-vault XP
 B = Vault XP
 C = Vault XP percentage of total XP
 D = Non-vault monster count
 E = Vault monster count
 F = Vault count percentage of total count
                 A         B        C        D         E       F
            +---------+---------+-------+---------+---------+-------
      Total |  127456 |   96927 |  43.2 |     619 |     320 |  34.1
            +---------+---------+-------+---------+---------+-------
        D:1 |      35 |       0 |   0.0 |      19 |       0 |   0.0
        D:2 |      18 |      10 |  35.7 |       9 |       4 |  30.8
        D:3 |      32 |     231 |  87.8 |      18 |       1 |   5.3
        D:4 |     202 |     245 |  54.8 |      29 |       4 |  12.1
        D:5 |     694 |     105 |  13.1 |      14 |       2 |  12.5
        D:6 |    1116 |       0 |   0.0 |      24 |       0 |   0.0
        D:7 |    1156 |    1640 |  58.7 |      19 |      11 |  36.7
        D:8 |    1126 |     978 |  46.5 |      34 |       8 |  19.0
        D:9 |    2781 |       0 |   0.0 |      37 |       0 |   0.0
       D:10 |    2796 |    2927 |  51.1 |      24 |      10 |  29.4
       D:11 |    5023 |   17998 |  78.2 |      18 |      39 |  68.4
       D:12 |    2543 |     553 |  17.9 |       5 |       3 |  37.5
       D:13 |    7604 |   18681 |  71.1 |      26 |      27 |  50.9
       D:14 |    5916 |    6268 |  51.4 |      13 |      10 |  43.5
       D:15 |   11848 |    7434 |  38.6 |      33 |      11 |  25.0
     Lair:1 |    1742 |    2207 |  55.9 |       8 |       5 |  38.5
     Lair:2 |    9199 |    1881 |  17.0 |      47 |      10 |  17.5
     Lair:3 |    5762 |     439 |   7.1 |      18 |       3 |  14.3
     Lair:4 |    4807 |      93 |   1.9 |      21 |       1 |   4.5
     Lair:5 |    7943 |   15158 |  65.6 |      33 |      66 |  66.7
   Spider:1 |   19941 |    7392 |  27.0 |      53 |       5 |   8.6
   Spider:2 |   12411 |       0 |   0.0 |      28 |       0 |   0.0
      Orc:1 |    6589 |       0 |   0.0 |      48 |       0 |   0.0
      Orc:2 |    1864 |    8504 |  82.0 |      22 |      78 |  78.0
   Depths:1 |   14308 |       0 |   0.0 |      19 |       0 |   0.0
    Volcano |       0 |    4183 | 100.0 |       0 |      22 | 100.0
            +---------+---------+-------+---------+---------+-------

Illustrated notes

Table legend:
 A = Kills in this place as a percentage of kills in entire the game.
 B = Kills by you in this place as a percentage of kills by you in the entire game.
 C = Kills by friends in this place as a percentage of kills by friends in the entire game.
 D = Other kills in this place as a percentage of other kills in the entire game.
 E = Experience gained in this place as a percentage of experience gained in the entire game.
 F = Experience gained in this place divided by the number of levels of this place that you have seen.
                   A       B       C       D       E      F
               +-------+-------+-------+-------+-------+----------------------
         Total | 100.0 | 100.0 |   N/A | 100.0 | 100.0 | 8630.1
       Dungeon |  48.1 |  48.0 |   N/A | 100.0 |  44.5 | 6664.0
          Lair |  22.6 |  22.6 |   N/A |   0.0 |  21.9 | 9846.2
   Spider Nest |   9.2 |   9.2 |   N/A |   0.0 |  17.7 | 19872.0
  Orcish Mines |  15.8 |  15.8 |   N/A |   0.0 |   7.6 | 8478.5
        Depths |   2.0 |   2.0 |   N/A |   0.0 |   6.4 | 14308.0
       Volcano |   2.3 |   2.4 |   N/A |   0.0 |   1.9 | 4183.0
               +-------+-------+-------+-------+-------+----------------------

Table legend: (Time is in decaauts)
 A = Elapsed time spent in this place.
 B = Non-inter-level travel time spent in this place.
 C = Inter-level travel time spent in this place.
 D = Time resting spent in this place.
 E = Time spent auto-exploring this place.
 F = Levels seen in this place.
 G = Mean time per level.
                   A        B        C        D        E       F      G
               +--------+--------+--------+--------+--------+-----+--------+
         Total |  28872 |  26529 |   2343 |   3821 |  17321 |  26 | 1110.5 |
       Dungeon |  17783 |  16101 |   1682 |   2454 |  10794 |  15 | 1185.5 |
          Lair |   6192 |   5785 |    407 |    414 |   4247 |   5 | 1238.4 |
   Spider Nest |   1238 |   1217 |     21 |     14 |    864 |   2 |  619.0 |
  Orcish Mines |   2842 |   2611 |    231 |    710 |   1241 |   2 | 1421.0 |
        Depths |    182 |    182 |      0 |      0 |     70 |   1 |  182.0 |
       Volcano |    633 |    633 |      0 |    229 |    105 |   1 |  633.0 |
               +--------+--------+--------+--------+--------+-----+--------+

Top non-repeatable levels by time:
   Orc:2: 1919 daAuts
  Lair:2: 1840 daAuts
     D:9: 1605 daAuts
    D:10: 1558 daAuts
     D:8: 1475 daAuts
    D:13: 1430 daAuts
     D:7: 1360 daAuts
    D:11: 1341 daAuts
     D:4: 1285 daAuts
  Lair:1: 1270 daAuts
     D:6: 1232 daAuts
  Lair:5: 1204 daAuts
     D:5: 1165 daAuts
Spider:1: 1120 daAuts
    D:14: 1080 daAuts
